 Dungeon Crawl Stone Soup version 0.18.1-50-g88ac8fd (webtiles) character file.

15 Ginkk the Skirmisher (level 2, 0/24 HPs)
             Began as a Demonspawn Abyssal Knight on Nov 4, 2016.
             Was a Follower of Lugonu.
             Slain by a worker ant (1 damage)
             ... on level 5 of the Dungeon on Nov 9, 2016.
             The game lasted 00:04:35 (378 turns).

Ginkk the Skirmisher (Demonspawn Abyssal Knight)     Turns: 378, Time: 00:04:36

Health: 0/24       AC:  5    Str: 12    XL:     2   Next: 34%
Magic:  0/3        EV: 10    Int: 13    God:    Lugonu [*.....]
Gold:   6          SH:  0    Dex: 12    Spells: 0 memorised, 1 level left

rFire  . . .     SeeInvis .     a - +1 mace
rCold  . . .     Gourm    .     g - +0 ring mail
rNeg   . . .     Faith    .     (no shield)
rPois  .         Spirit   +     (no helmet)
rElec  .         Dismiss  .     (no cloak)
rCorr  .         Reflect  .     (no gloves)
SustAt .         Harm     .     (no boots)
MR     +....                    j - amulet of regeneration
Stlth  +.........               (no ring)
                                d - ring of protection from magic

@: lethally poisoned (0 -> -2), heavily drained, somewhat resistant to hostile
enchantments, very unstealthy
A: magic shield
a: Depart the Abyss, Renounce Religion


You were on level 5 of the Dungeon.
You worshipped Lugonu.
Lugonu was aware of your devotion.
You were not hungry.

You visited 1 branch of the dungeon, and saw 5 of its levels.
You visited the Abyss 1 time.

You collected 6 gold pieces.

Inventory:

Hand Weapons
 a - a +1 mace (weapon)
 k - a +1 dagger of draining
Missiles
 e - 25 stones (quivered)
 i - 21 sling bullets
Armour
 g - a +0 ring mail (worn)
Jewellery
 d - a ring of protection from magic (left hand)
 j - an amulet of regeneration (around neck)
Scrolls
 f - a scroll of teleportation
Comestibles
 b - a meat ration
 c - a bread ration
 h - 3 chunks of flesh


   Skills:
 + Level 3.5(2.0) Fighting
 + Level 1.7(0.3) Maces & Flails
 + Level 2.0(0.5) Armour
 + Level 1.0(0.0) Dodging
 + Level 2.5(1.0) Invocations


You had one spell level left.
You didn't know any spells.

Dungeon Overview and Level Annotations

Branches:
Dungeon (5/15)
 Temple: D:4-7

Altars:


Innate Abilities, Weirdness & Mutations

When hurt, damage is shared between your health and your magic reserves.


Message History

The ball python constricts you.
You escape the ball python's grasp.
You feel sick. The worker ant bites you.
* * * LOW HITPOINT WARNING * * *
The worker ant bites you.
* * * LOW HITPOINT WARNING * * *
You are lethally poisoned!
The worker ant poisons you!
You climb downwards.
* * * LOW HITPOINT WARNING * * *
You feel sick.
The howler monkey zombie hits you but does no damage.
The howler monkey zombie bites you but does no damage.
There is a stone staircase leading up here.
* * * LOW HITPOINT WARNING * * *
You feel sick.
The ball python bites you but does no damage.
The ball python closely misses you.
The howler monkey zombie hits you but does no damage.
The howler monkey zombie bites you. The worker ant bites you.
You die...

###############
######................
#..<..................
#.....................
#.....................
#.....................
#.......###...........
#.....(.# #...a.......
#.......# #..S@.......
#.......# #..Z########
....... #...# ....
#####


You could see a worker ant, a howler monkey zombie and a ball python.

Vanquished Creatures
  An adder (D:3)
  3 kobolds
  A giant newt (D:1)
  2 rats (D:1)
7 creatures vanquished.

Notes
Turn   | Place    | Note
--------------------------------------------------------------
     0 | Abyss:1  | Ginkk the Demonspawn Abyssal Knight began the quest for the Orb.
     0 | Abyss:1  | Reached XP level 1. HP: 18/18 MP: 2/2
    44 | Abyss:2  | Found a corrupted altar of Lugonu.
    85 | D:1      | Escaped the Abyss
   142 | D:1      | Reached skill level 1 in Dodging
   252 | D:3      | Gained mutation: When hurt, damage is shared between your health and your magic reserves. [demonic ancestry]
   252 | D:3      | Reached XP level 2. HP: 18/24 MP: 3/3
   348 | D:5      | Entered Level 5 of the Dungeon
   377 | D:5      | HP: 1/24 [poisoned by a worker ant]
   378 | D:5      | Slain by a worker ant

Skill      XL: |  1 |
---------------+----+-----
Dodging        | 1 |  1.0
Armour         | 2 |  2.0
Fighting       | |  3.5
Maces & Flails | |  1.7
Invocations    | |  2.5

Action                   || total
-------------------------++-------
Melee: Mace              ||    32
  Use: Potion            ||     3
       Scroll            ||     3
Armor: Ring mail         ||    26
Dodge: Dodged            ||    23
